3AAA
ALASKAN HUMPBACKS @ HOUSTON BC
05/05/2024
 
TOP OF THE 1ST
Alaskan Humpbacks batting - Pitching for Houston BC : RHP António Ybarra
Pitching: RHP António Ybarra
Batting: SHB Ron Howard 0-0: Ball
1-0: Ball
2-0: Foul Ball, location: 2F
2-1: Foul Ball, location: 2F
2-2: Ball
3-2: Base on Balls
Batting: RHB Mal Bussard 0-0: Ball
1-0: Called Strike
1-1: Ball
2-1: Called Strike
2-2: Ball
3-2: Fly out, F3 (Popup, 3F)
Batting: RHB Orlando Jiménez 0-0: Ball
1-0: Ball
2-0: Swinging Strike
2-1: Swinging Strike
2-2: Foul Ball, location: 2F
2-2: Fly out, F9 (Flyball, 9S)
Batting: RHB Juan García 0-0: Foul Ball, location: 2F
0-1: Ball
1-1: Swinging Strike
1-2: Ball
2-2: Ground out 6-3 (Groundball, 6)
Top of the 1st over - 0 run(s), 0 hit(s), 0 error(s), 1 left on base; Alaskan 0 - Houston 0
BOTTOM OF THE 1ST
Houston BC batting - Pitching for Alaskan Humpbacks : RHP Quintiliano Seixal
Pitching: RHP Quintiliano Seixal
Batting: RHB Habbo Allaart 0-0: Ball
1-0: Called Strike
1-1: Ground out 4-3 (Groundball, 4)
Batting: RHB Ludovico Trezza 0-0: Ground out 5-3 (Groundball, 5)
Batting: LHB Enrique Sánchez 0-0: Foul Ball, location: 2F
0-1: SINGLE (Groundball, 34D)
Batting: LHB Count Dante 0-0: Ball
1-0: Called Strike
1-1: Ball
2-1: Ball
3-1: Fly out, F7 (Flyball, 78M)
Bottom of the 1st over - 0 run(s), 1 hit(s), 0 error(s), 1 left on base; Alaskan 0 - Houston 0
TOP OF THE 2ND
Alaskan Humpbacks batting - Pitching for Houston BC : RHP António Ybarra
Batting: SHB Jorge Barrios 0-0: Foul Ball, location: 2F
0-1: Ball
1-1: Foul Ball, location: 2F
1-2: Ball
2-2: Foul Ball, location: 2F
2-2: Ball
3-2: SINGLE (Line Drive, 6M)
Batting: RHB Rodrigo Lugo 0-0: Ball
1-0: Ball
2-0: Fielders Choice at 2nd, 6-4 (Groundball, 6M)
Batting: LHB Gerald Holloway 0-0: Ball
1-0: Called Strike
1-1: Ball
2-1: Ball
3-1: Called Strike
Rodrigo Lugo is caught stealing 2nd base
3-2: Base on Balls
Batting: RHB Michael Collins 0-0: Called Strike
0-1: Foul Ball, location: 2F
0-2: Ball
1-2: Ball
2-2: Ball
3-2: Fly out, F8 (Flyball, 8LM)
Top of the 2nd over - 0 run(s), 1 hit(s), 0 error(s), 1 left on base; Alaskan 0 - Houston 0
BOTTOM OF THE 2ND
Houston BC batting - Pitching for Alaskan Humpbacks : RHP Quintiliano Seixal
Batting: RHB Joaquín Parra 0-0: Ground out 6-3 (Groundball, 6)
Batting: RHB Joseph Gray 0-0: Swinging Strike
0-1: Ground out 4-3 (Groundball, 4)
Batting: RHB Alex Maxwell 0-0: Ball
1-0: SINGLE (Line Drive, 6M)
Batting: RHB Albert Delgado 0-0: Ground out 6-3 (Groundball, 6M)
Bottom of the 2nd over - 0 run(s), 1 hit(s), 0 error(s), 1 left on base; Alaskan 0 - Houston 0
TOP OF THE 3RD
Alaskan Humpbacks batting - Pitching for Houston BC : RHP António Ybarra
Batting: RHB Thomas Vaughan 0-0: Ball
1-0: Called Strike
1-1: Foul Ball, location: 2F
1-2: Ground out 6-3 (Groundball, 56)
Batting: SHB Ron Howard 0-0: Ground out 4-3 (Groundball, 34)
Batting: RHB Mal Bussard 0-0: Called Strike
0-1: Swinging Strike
0-2: Foul Ball, location: 2F
0-2: Ball
1-2: Ball
2-2: Fly out, F7 (Flyball, 78D)
Top of the 3rd over - 0 run(s), 0 hit(s), 0 error(s), 0 left on base; Alaskan 0 - Houston 0
BOTTOM OF THE 3RD
Houston BC batting - Pitching for Alaskan Humpbacks : RHP Quintiliano Seixal
Batting: RHB Steffen Taylor 0-0: Ball
1-0: Foul Ball, location: 2F
1-1: Ball
2-1: Ball
3-1: Ground out 3-1 (Groundball, 34)
Batting: RHB Habbo Allaart 0-0: Swinging Strike
0-1: Ground out 6-3 (Groundball, 6M)
Batting: RHB Ludovico Trezza 0-0: Called Strike
0-1: Ground out 6-3 (Groundball, 6)
Bottom of the 3rd over - 0 run(s), 0 hit(s), 0 error(s), 0 left on base; Alaskan 0 - Houston 0
TOP OF THE 4TH
Alaskan Humpbacks batting - Pitching for Houston BC : RHP António Ybarra
Batting: RHB Orlando Jiménez 0-0: Fly out, F7 (Flyball, 78XD)
Batting: RHB Juan García 0-0: Swinging Strike
0-1: Fly out, F8 (Line Drive, 8LM)
Batting: SHB Jorge Barrios 0-0: Ball
1-0: Called Strike
1-1: Ball
2-1: Ball
3-1: Foul Ball, location: 2F
3-2: Base on Balls
Batting: RHB Rodrigo Lugo 0-0: Called Strike
Jorge Barrios is caught stealing 2nd base
Top of the 4th over - 0 run(s), 0 hit(s), 0 error(s), 0 left on base; Alaskan 0 - Houston 0
BOTTOM OF THE 4TH
Houston BC batting - Pitching for Alaskan Humpbacks : RHP Quintiliano Seixal
Batting: LHB Enrique Sánchez 0-0: Called Strike
0-1: Ball
1-1: Ball
2-1: Foul Ball, location: 2F
2-2: SINGLE (Flyball, 78S)
Batting: LHB Count Dante 0-0: Called Strike
0-1: Ball
1-1: SINGLE (Line Drive, 9S)
Enrique Sánchez to second
Batting: RHB Joaquín Parra 0-0: Swinging Strike
0-1: Ball
1-1: Swinging Strike
1-2: Ball
2-2: Fly out, F8 (Flyball, 8RS)
Batting: RHB Joseph Gray 0-0: Foul Ball, location: 2F
0-1: Fly out, F7 (Flyball, 78M)
Batting: RHB Alex Maxwell 0-0: Ball
1-0: SINGLE (Line Drive, 34D)
Enrique Sánchez to third
Count Dante to second
Batting: RHB Albert Delgado 0-0: Fly out, F4 (Popup, 89S)
Bottom of the 4th over - 0 run(s), 3 hit(s), 0 error(s), 3 left on base; Alaskan 0 - Houston 0
TOP OF THE 5TH
Alaskan Humpbacks batting - Pitching for Houston BC : RHP António Ybarra
Batting: RHB Rodrigo Lugo 0-0: Ball
1-0: Foul Ball, location: 2F
1-1: Ball
2-1: Ground out 3-1 (Groundball, 34)
Batting: LHB Gerald Holloway 0-0: Called Strike
0-1: Swinging Strike
0-2: Ball
1-2: Ball
2-2: Ball
3-2: Base on Balls
Batting: RHB Michael Collins 0-0: Ball
1-0: Fly out, F7 (Flyball, 7D)
Batting: RHB Thomas Vaughan 0-0: Called Strike
0-1: Ball
1-1: Ball
Gerald Holloway steals 2nd base
2-1: Ground out 6-3 (Groundball, 6)
Top of the 5th over - 0 run(s), 0 hit(s), 0 error(s), 1 left on base; Alaskan 0 - Houston 0
BOTTOM OF THE 5TH
Houston BC batting - Pitching for Alaskan Humpbacks : RHP Quintiliano Seixal
Batting: RHB Steffen Taylor 0-0: Foul Ball, location: 2F
0-1: Ball
1-1: Ground out 4-3 (Groundball, 4)
Batting: RHB Habbo Allaart 0-0: Called Strike
0-1: Ball
1-1: Called Strike
1-2: Ground out 5-3 (Groundball, 5)
Batting: RHB Ludovico Trezza 0-0: Fly out, F6 (Popup, 6MD)
Bottom of the 5th over - 0 run(s), 0 hit(s), 0 error(s), 0 left on base; Alaskan 0 - Houston 0
TOP OF THE 6TH
Alaskan Humpbacks batting - Pitching for Houston BC : RHP António Ybarra
Batting: SHB Ron Howard 0-0: Foul Ball, location: 2F
0-1: Called Strike
0-2: Ball
1-2: Ball
2-2: Foul Ball, location: 2F
2-2: Foul Ball, location: 2F
2-2: Ball
3-2: Fly out, F4 (Popup, 34D)
Batting: RHB Mal Bussard 0-0: Called Strike
0-1: Ground out 1-4-3 (Groundball, 15S)
Batting: RHB Orlando Jiménez 0-0: Foul Ball, location: 2F
0-1: Ball
1-1: Swinging Strike
1-2: Strikes out swinging
Top of the 6th over - 0 run(s), 0 hit(s), 0 error(s), 0 left on base; Alaskan 0 - Houston 0
BOTTOM OF THE 6TH
Houston BC batting - Pitching for Alaskan Humpbacks : RHP Quintiliano Seixal
Batting: LHB Enrique Sánchez 0-0: Ball
1-0: Ball
2-0: Ball
3-0: Base on Balls
Batting: LHB Count Dante 0-0: Called Strike
0-1: Swinging Strike
0-2: Foul Ball, location: 2F
0-2: Ball
1-2: Strikes out looking
Batting: RHB Joaquín Parra 0-0: Ball
1-0: Ball
2-0: Called Strike
2-1: Foul Ball, location: 2F
2-2: Fly out, F3 (Popup, 3SF)
Batting: RHB Joseph Gray 0-0: Swinging Strike
0-1: Called Strike
0-2: Strikes out looking
Bottom of the 6th over - 0 run(s), 0 hit(s), 0 error(s), 1 left on base; Alaskan 0 - Houston 0
TOP OF THE 7TH
Alaskan Humpbacks batting - Pitching for Houston BC : RHP António Ybarra
Batting: RHB Juan García 0-0: Called Strike
0-1: SINGLE (Groundball, 56D)
Batting: SHB Jorge Barrios 0-0: Ball
1-0: Grounds into double play, 1-6-3 (Groundball, 15)
Batting: RHB Rodrigo Lugo 0-0: Called Strike
0-1: Ball
1-1: Ball
2-1: Ball
3-1: Foul Ball, location: 2F
3-2: Foul Ball, location: 2F
3-2: Base on Balls
Batting: LHB Gerald Holloway 0-0: Ball
1-0: Ball
2-0: Foul Ball, location: 2F
2-1: Swinging Strike
2-2: Ball
3-2: Base on Balls
Rodrigo Lugo to second
Pitching: RHP Dan Hobbs
Batting: RHB Michael Collins 0-0: Ball
1-0: Foul Ball, location: 2F
1-1: DOUBLE (Line Drive, 8LD)
Rodrigo Lugo scores
Gerald Holloway to third
Runner from 3rd tries for Home, SAFE, no throw or cutoff
Batting: RHB Thomas Vaughan 0-0: Ball
1-0: Ball
2-0: Called Strike
2-1: Ball
3-1: Base on Balls
Pinch Hitting: RHB Dave O'Day 0-0: Foul Ball, location: 2F
0-1: Ball
1-1: Hit by Pitch
Michael Collins to third
Thomas Vaughan to second
Batting: RHB Mal Bussard 0-0: Called Strike
0-1: Foul Ball, location: 2F
0-2: Ball
1-2: Ball
2-2: Strikes out swinging
Top of the 7th over - 2 run(s), 2 hit(s), 0 error(s), 3 left on base; Alaskan 2 - Houston 0
BOTTOM OF THE 7TH
Houston BC batting - Pitching for Alaskan Humpbacks : RHP Quintiliano Seixal
Now at SS: Dave O'Day
Batting: RHB Alex Maxwell 0-0: Ball
1-0: Ball
2-0: Ball
3-0: Called Strike
3-1: Foul Ball, location: 2F
3-2: Foul Ball, location: 2F
3-2: Base on Balls
Batting: RHB Albert Delgado 0-0: Ball
1-0: Ball
2-0: Fly out, F7 (Flyball, 78M)
Batting: RHB Steffen Taylor 0-0: Called Strike
0-1: Ball
1-1: Called Strike
1-2: Fly out, F8 (Flyball, 8RM)
Batting: RHB Habbo Allaart 0-0: Ball
Alex Maxwell is caught stealing 2nd base
Bottom of the 7th over - 0 run(s), 0 hit(s), 0 error(s), 0 left on base; Alaskan 2 - Houston 0
TOP OF THE 8TH
Alaskan Humpbacks batting - Pitching for Houston BC : RHP Dan Hobbs
Batting: RHB Orlando Jiménez 0-0: Called Strike
0-1: Ground out 6-3 (Groundball, 6)
Batting: RHB Juan García 0-0: Called Strike
0-1: Ball
1-1: Ball
2-1: Foul Ball, location: 2F
2-2: Ball
3-2: SINGLE (Line Drive, 4D)
Batting: SHB Jorge Barrios 0-0: Foul Ball, location: 2F
0-1: Swinging Strike
0-2: Ball
1-2: Ball
2-2: Strikes out swinging
Batting: RHB Rodrigo Lugo 0-0: Called Strike
0-1: Ball
1-1: Ball
2-1: Fly out, F7 (Flyball, 78S)
Top of the 8th over - 0 run(s), 1 hit(s), 0 error(s), 1 left on base; Alaskan 2 - Houston 0
BOTTOM OF THE 8TH
Houston BC batting - Pitching for Alaskan Humpbacks : RHP Quintiliano Seixal
Pitching: RHP Jim Unknown
Batting: RHB Habbo Allaart 0-0: Called Strike
0-1: Ball
1-1: Fly out, F9 (Flyball, 89M)
Batting: RHB Ludovico Trezza 0-0: Ground out 4-3 (Groundball, 4M)
Batting: LHB Enrique Sánchez 0-0: SINGLE (Flyball, 9S)
Batting: LHB Count Dante 0-0: Ball
1-0: Called Strike
1-1: Ball
2-1: Ball
3-1: 2-RUN HOME RUN (Flyball, 7LD), Distance : 376 ft
Batting: RHB Joaquín Parra 0-0: SINGLE (Groundball, 6MD)
Pinch Hitting: RHB Micah Miller 0-0: Swinging Strike
0-1: Foul Ball, location: 2F
0-2: Foul Ball, location: 2F
0-2: Ball
1-2: SINGLE (Line Drive, 7S)
Joaquín Parra to second
Batting: RHB Alex Maxwell 0-0: Ball
1-0: Called Strike
1-1: Swinging Strike
1-2: Strikes out looking
Bottom of the 8th over - 2 run(s), 4 hit(s), 0 error(s), 2 left on base; Alaskan 2 - Houston 2
TOP OF THE 9TH
Alaskan Humpbacks batting - Pitching for Houston BC : RHP Dan Hobbs
Pitching: RHP Weston Fisher
Now in RF: Micah Miller
Batting: LHB Gerald Holloway 0-0: Ball
1-0: Ball
2-0: Ball
3-0: Called Strike
3-1: Fly out, F8 (Flyball, 8LS)
Batting: RHB Michael Collins 0-0: Ball
1-0: Swinging Strike
1-1: Ball
2-1: Ball
3-1: Foul Ball, location: 2F
3-2: Fly out, F8 (Flyball, 8RM)
Batting: RHB Thomas Vaughan 0-0: Called Strike
0-1: Ball
1-1: Swinging Strike
1-2: Ball
2-2: Fly out, F9 (Flyball, 9LM)
Top of the 9th over - 0 run(s), 0 hit(s), 0 error(s), 0 left on base; Alaskan 2 - Houston 2
BOTTOM OF THE 9TH
Houston BC batting - Pitching for Alaskan Humpbacks : RHP Jim Unknown
Pinch Hitting: LHB Raúl Trevino 0-0: Called Strike
0-1: Ball
1-1: Ball
2-1: Ground out 4-3 (Groundball, 4)
Pinch Hitting: LHB António Rivera 0-0: Called Strike
0-1: Ball
1-1: Reached on error, E4 (Groundball, 4)
Batting: RHB Habbo Allaart 0-0: Called Strike
0-1: Fly out, F7 (Flyball, 7LM)
Batting: RHB Ludovico Trezza 0-0: Ball
1-0: Ball
2-0: Ball
Wild Pitch!
António Rivera to third
3-0: Base on Balls
Batting: LHB Enrique Sánchez 0-0: Ball
1-0: Ground out 6-3 (Groundball, 6)
Bottom of the 9th over - 0 run(s), 0 hit(s), 1 error(s), 2 left on base; Alaskan 2 - Houston 2
TOP OF THE 10TH
Alaskan Humpbacks batting - Pitching for Houston BC : RHP Weston Fisher
Now at C: Bobby Buck
Now at SS: António Rivera
Batting: RHB Dave O'Day 0-0: Swinging Strike
0-1: Swinging Strike
0-2: Ball
1-2: Strikes out swinging
Batting: RHB Mal Bussard 0-0: Ground out 1-3 (Groundball, 13S)
Pinch Hitting: RHB Javier Díaz 0-0: Ball
1-0: Called Strike
1-1: Fly out, F8 (Flyball, 8LM)
Top of the 10th over - 0 run(s), 0 hit(s), 0 error(s), 0 left on base; Alaskan 2 - Houston 2
BOTTOM OF THE 10TH
Houston BC batting - Pitching for Alaskan Humpbacks : RHP Jim Unknown
Pitching: RHP Colijn de Goedere
Now in CF: José Sosa
Batting: LHB Count Dante 0-0: Ball
1-0: Ground out 4-3 (Groundball, 4)
Batting: RHB Joaquín Parra 0-0: Ball
1-0: Ball
2-0: Ground out 6-3 (Groundball, 6)
Batting: RHB Micah Miller 0-0: Ball
1-0: Ball
2-0: Foul Ball, location: 2F
2-1: Ball
3-1: Base on Balls
Batting: RHB Alex Maxwell 0-0: Foul Ball, location: 2F
0-1: Ball
1-1: Ball
2-1: Ground out 5-3 (Groundball, 5)
Bottom of the 10th over - 0 run(s), 0 hit(s), 0 error(s), 1 left on base; Alaskan 2 - Houston 2
TOP OF THE 11TH
Alaskan Humpbacks batting - Pitching for Houston BC : RHP Weston Fisher
Pitching: LHP Ismael Padilla
Batting: RHB Juan García 0-0: Foul Ball, location: 2F
0-1: Ball
1-1: Ball
2-1: Ground out 5-3 (Groundball, 56)
Batting: SHB Jorge Barrios 0-0: Ball
1-0: Called Strike
1-1: DOUBLE (Line Drive, 7D)
Batting: RHB Rodrigo Lugo 0-0: Intentional Walk
Pinch Hitting: RHB Guillaume Colin 0-0: Ball
1-0: Ball
2-0: Ball
3-0: Called Strike
3-1: Base on Balls
Jorge Barrios to third
Rodrigo Lugo to second
Batting: RHB Michael Collins 0-0: Foul Ball, location: 2F
0-1: Ball
1-1: Grounds into fielders choice 6-2 (Groundball, 6)
Rodrigo Lugo to third
Guillaume Colin to second
Batting: RHB Thomas Vaughan 0-0: Ball
1-0: Ball
2-0: Ball
3-0: Base on Balls
Rodrigo Lugo scores
Guillaume Colin to third
Michael Collins to second
Batting: RHB Dave O'Day 0-0: Ball
1-0: Foul Ball, location: 2F
1-1: Swinging Strike
1-2: Strikes out looking
Top of the 11th over - 1 run(s), 1 hit(s), 0 error(s), 3 left on base; Alaskan 3 - Houston 2
BOTTOM OF THE 11TH
Houston BC batting - Pitching for Alaskan Humpbacks : RHP Colijn de Goedere
Now in LF: Jared Smith
Batting: RHB Bobby Buck 0-0: Ball
1-0: Ball
2-0: Ball
3-0: Called Strike
3-1: Base on Balls
Batting: LHB António Rivera 0-0: Foul Ball, location: 2F
0-1: Foul Ball, location: 2F
0-2: Reached on error, E3 (Groundball, 3S)
Bobby Buck to second
Batting: RHB Habbo Allaart 0-0: Sac Bunt - play at first, batter OUT! 1-4
Bobby Buck to third
António Rivera to second
Batting: RHB Ludovico Trezza 0-0: Foul Ball, location: 2F
0-1: Ball
1-1: Ball
2-1: Ball
3-1: Foul Ball, location: 2F
3-2: Fly out, F8 (Flyball, 8RS)
Batting: LHB Enrique Sánchez 0-0: Ball
1-0: Swinging Strike
1-1: Ground out 1-3 (Groundball, 13S)
Bottom of the 11th over - 0 run(s), 0 hit(s), 1 error(s), 2 left on base; Alaskan 3 - Houston 2
This league is powered by Out of the Park Baseball, the baseball management simulation game for PC, Mac and Linux
Monday, October 3rd, 2016 - OOTP Baseball 16.9 Build 39